Warning! The script has encountered some errors when parsing the replay. Please report them to the . » details
ANia: Unknown ItemID
General information
- name: BNet
- type: Ladder team game (AT/RT)
- host: Battle.net
- saver: bLinn
map: SilverpineForest
- players: 6
- length: 97:19
- speed: Fast
- version: 1.21 W3XP
- replay type:

» download(560 KB)
Players
team 1 (winner)

»
13223rds (
orange | 42 APM | 4112 actions | 97:19)
8 Pandaren Brewmaster
3 Breath of Fire
3 Drunken Brawler
1 Storm Earth and Fire
1 Drunken Haze
4 Firelord
3 Soul Burn
1 Volcano
3 Far Seer
1 Far Sight
1 Earth Quake
1 Feral Spirit
» actions
| Assign group hotkey | 73 | |
| Basic commands | 65 | |
| Build / train | 150 | |
| Enter build submenu | 33 | |
| Enter hero's abilities submenu | 16 | |
| Give item / drop item | 7 | |
| Remove unit from queue | 2 | |
| Right click | 2085 | |
| Select / deselect | 1001 | |
| Select group hotkey | 370 | |
| Use ability | 310 | |
4112 total
» units
| Acolyte | 14 | |
| Ghoul | 3 | |
| Crypt Fiend | 15 | |
| Banshee | 15 | |
| Obsidian Statue | 1 | |
| Gargoyle | 28 | |
| Frost Wyrm | 6 | |
| Goblin Zeppelin | 3 | |
85 total
» upgrades
| Creature Attack | 3 | |
| Creature Carapace | 3 | |
| Web | 1 | |
| Banshee Training | 2 | |
| Burrow | 1 | |
| Freezing Breath | 1 | |
11 total
» buildings
| Crypt | 3 | |
| Altar of Darkness | 1 | |
| Ziggurat | 8 | |
| Graveyard | 1 | |
| Nerubian Tower | 4 | |
| Tomb of Relics | 1 | |
| Necropolis | 2 | |
| Halls of the Dead | 1 | |
| Spirit Tower | 5 | |
| Slaughterhouse | 1 | |
| Black Citadel | 1 | |
| Temple of the Damned | 1 | |
| Altar of Kings | 1 | |
| Sacrificial Pit | 1 | |
| Boneyard | 4 | |
35 total
» build order
00:21 Crypt
00:38 Altar of Darkness
00:44 Ziggurat
01:07 Ziggurat
01:30 Graveyard
01:47 Nerubian Tower
01:47 Nerubian Tower
02:15 Tomb of Relics
03:58 Ziggurat
05:44 Necropolis
05:47 Necropolis
06:11 Halls of the Dead
06:46 Ziggurat
06:48 Ziggurat
06:53 Ziggurat
07:46 Nerubian Tower
07:47 Spirit Tower
07:49 Spirit Tower
08:29 Spirit Tower
08:40 Slaughterhouse
09:28 Black Citadel
09:31 Temple of the Damned
16:10 Ziggurat
16:13 Ziggurat
20:06 Spirit Tower
20:16 Spirit Tower
40:23 Altar of Kings
42:59 Sacrificial Pit
43:48 Boneyard
43:51 Boneyard
43:57 Boneyard
44:00 Boneyard
63:24 Crypt
63:25 Crypt
» items
| Dust of Appearance | 1 | |
| Rod of Necromancy | 1 | |
| Scroll of Town Portal | 4 | |
| Potion of Healing | 2 | |
| Potion of Mana | 1 | |
| Khadgar's Pipe of Insight | 1 | |
| Orb of Corruption | 1 | |
| Tome of Retraining | 1 | |
| Scroll of Protection | 1 | |
| Periapt of Vitality | 2 | |
| Potion of Lesser Invulnerability | 3 | |
18 total
BOOBOOKING (
red | 60 APM | 5882 actions | 97:19)
9 Far Seer
3 Feral Spirit
3 Chain Lighting
1 Earth Quake
2 Far Sight
» actions
| Assign group hotkey | 166 | |
| Basic commands | 809 | |
| Build / train | 184 | |
| ESC pressed | 6 | |
| Enter build submenu | 25 | |
| Enter hero's abilities submenu | 11 | |
| Give item / drop item | 2 | |
| Remove unit from queue | 4 | |
| Right click | 2249 | |
| Select / deselect | 1001 | |
| Select group hotkey | 1055 | |
| Use ability | 370 | |
5882 total
» units
| Peon | 23 | |
| Grunt | 5 | |
| Troll Witch Doctor | 4 | |
| Tauren | 3 | |
| Demolisher | 24 | |
| Goblin Zeppelin | 4 | |
| Troll Batrider | 69 | |
132 total
» upgrades
| Witch Doctor Training | 2 | |
| Pulverize | 1 | |
| Pillage | 1 | |
| Ranged Weapons | 3 | |
| Burning Oil | 1 | |
| Reinforced Defenses | 1 | |
| Armor | 3 | |
| Liquid Fire | 1 | |
| Envenomed Spears | 1 | |
14 total
» buildings
| Altar of Storms | 1 | |
| Orc Burrow | 10 | |
| Barracks | 1 | |
| Voodoo Lounge | 1 | |
| Stronghold | 3 | |
| War Mill | 1 | |
| Fortress | 1 | |
| Spirit Lodge | 1 | |
| Tauren Totem | 2 | |
| Great Hall | 4 | |
| Beastiary | 2 | |
27 total
» build order
00:07 Altar of Storms
00:17 Orc Burrow
00:50 Barracks
01:41 Orc Burrow
02:06 Voodoo Lounge
03:05 Stronghold
03:05 Stronghold
04:12 War Mill
05:00 Orc Burrow
05:26 Fortress
05:31 Spirit Lodge
06:22 Orc Burrow
07:59 Tauren Totem
07:59 Tauren Totem
10:06 Orc Burrow
11:18 Orc Burrow
11:19 Orc Burrow
21:04 Great Hall
36:29 Orc Burrow
36:32 Orc Burrow
36:33 Orc Burrow
40:17 Great Hall
44:35 Beastiary
44:38 Beastiary
61:49 Great Hall
81:56 Great Hall
» items
| Healing Salve | 5 | |
| Dust of Appearance | 1 | |
| Potion of Healing | 1 | |
| Orb of Lightning | 1 | |
| Lesser Clarity Potion | 3 | |
| Scroll of Town Portal | 1 | |
12 total
LoKiMetAboLiC (
teal | 45 APM | 4408 actions | 97:19)
7 Death Knight
3 Death Coil
3 Unholy Aura
1 Animate Dead
5 Lich
3 Frost Nova
2 Frost Armor
5 Crypt Lord
3 Impale
2 Spiked Carapace
» actions
| Assign group hotkey | 42 | |
| Basic commands | 156 | |
| Build / train | 117 | |
| Enter build submenu | 29 | |
| Enter hero's abilities submenu | 17 | |
| Give item / drop item | 2 | |
| Remove unit from queue | 3 | |
| Right click | 1704 | |
| Select / deselect | 866 | |
| Select group hotkey | 1335 | |
| Use ability | 137 | |
4408 total
» units
| Acolyte | 21 | |
| Ghoul | 3 | |
| Crypt Fiend | 10 | |
| Obsidian Statue | 2 | |
| Frost Wyrm | 15 | |
| Meatwagon | 1 | |
| Gargoyle | 11 | |
| Goblin Zeppelin | 1 | |
64 total
» upgrades
| Web | 1 | |
| Creature Carapace | 3 | |
| Creature Attack | 3 | |
| Destroyer Form | 1 | |
| Burrow | 1 | |
| Freezing Breath | 2 | |
| Unholy Strength | 2 | |
| Disease Cloud | 1 | |
| Backpack | 0 | |
| Stone Form | 1 | |
15 total
» buildings
| Crypt | 3 | |
| Graveyard | 1 | |
| Ziggurat | 13 | |
| Altar of Darkness | 1 | |
| Nerubian Tower | 2 | |
| Halls of the Dead | 1 | |
| Tomb of Relics | 1 | |
| Slaughterhouse | 1 | |
| Spirit Tower | 5 | |
| Black Citadel | 1 | |
| Sacrificial Pit | 1 | |
| Boneyard | 2 | |
32 total
» build order
00:08 Crypt
00:17 Graveyard
00:42 Ziggurat
00:59 Altar of Darkness
01:40 Crypt
02:12 Ziggurat
02:45 Nerubian Tower
03:41 Ziggurat
04:17 Halls of the Dead
04:45 Tomb of Relics
06:57 Ziggurat
07:12 Slaughterhouse
07:13 Spirit Tower
10:08 Black Citadel
11:24 Ziggurat
11:51 Ziggurat
14:40 Ziggurat
14:51 Spirit Tower
15:31 Ziggurat
15:33 Ziggurat
15:54 Ziggurat
16:19 Sacrificial Pit
16:30 Nerubian Tower
16:32 Spirit Tower
16:33 Spirit Tower
18:09 Boneyard
18:59 Boneyard
22:30 Spirit Tower
32:08 Ziggurat
32:09 Ziggurat
57:05 Ziggurat
76:37 Crypt
» items
| Dust of Appearance | 1 | |
| Potion of Invulnerability | 1 | |
| Orb of Corruption | 3 | |
5 total
team 2 (loser)
BEAR_AND (
blue | 69 APM | 6685 actions | 97:19)
4 Archmage
2 Blizzard
2 Brilliance Aura
6 Mountain King
3 Storm Bolt
2 Bash
1 Avatar
3 Paladin
2 Holy Light
1 Divine Shield
» actions
| Assign group hotkey | 27 | |
| Basic commands | 41 | |
| Build / train | 169 | |
| Enter build submenu | 111 | |
| Enter hero's abilities submenu | 14 | |
| Give item / drop item | 12 | |
| Remove unit from queue | 15 | |
| Right click | 3879 | |
| Select / deselect | 1038 | |
| Select group hotkey | 840 | |
| Use ability | 538 | |
6685 total
» units
| Peasant | 18 | |
| Dragonhawk Rider | 34 | |
52 total
» upgrades
| Masonry | 3 | |
| Lumber Harvesting | 2 | |
| Swords | 3 | |
| Armor | 3 | |
| Animal War Training | 1 | |
| Magic Sentry | 1 | |
| Cloud | 1 | |
| Storm Hammers | 0 | |
14 total
» buildings
| Altar of Kings | 2 | |
| Farm | 28 | |
| Lumber Mill | 1 | |
| Scout Tower | 104 | |
| Guard Tower | 48 | |
| Keep | 1 | |
| Arcane Vault | 3 | |
| Castle | 1 | |
| Town Hall | 3 | |
| Gryphon Aviary | 4 | |
| Blacksmith | 1 | |
| Barracks | 1 | |
| Arcane Sanctum | 1 | |
| Arcane Tower | 3 | |
201 total
» build order
00:11 Altar of Kings
00:14 Farm
00:50 Farm
00:54 Lumber Mill
02:01 Scout Tower
02:02 Scout Tower
02:12 Scout Tower
02:14 Scout Tower
02:31 Guard Tower
02:34 Keep
02:59 Guard Tower
03:03 Scout Tower
03:04 Guard Tower
03:06 Scout Tower
03:09 Scout Tower
03:10 Scout Tower
03:31 Guard Tower
03:32 Scout Tower
03:35 Farm
03:39 Guard Tower
03:39 Guard Tower
04:03 Guard Tower
04:10 Arcane Vault
04:12 Guard Tower
04:15 Scout Tower
04:16 Scout Tower
04:16 Scout Tower
04:17 Scout Tower
04:36 Scout Tower
04:58 Scout Tower
05:04 Guard Tower
05:09 Scout Tower
05:44 Guard Tower
05:51 Guard Tower
05:52 Scout Tower
05:53 Castle
06:04 Guard Tower
06:07 Scout Tower
06:08 Scout Tower
06:09 Scout Tower
06:10 Scout Tower
06:24 Guard Tower
06:25 Scout Tower
06:27 Scout Tower
06:27 Scout Tower
06:40 Scout Tower
06:40 Scout Tower
06:41 Scout Tower
06:42 Scout Tower
06:42 Scout Tower
06:43 Scout Tower
07:14 Guard Tower
07:55 Guard Tower
07:56 Guard Tower
08:25 Guard Tower
08:26 Guard Tower
08:40 Scout Tower
08:41 Scout Tower
08:42 Scout Tower
08:44 Scout Tower
08:44 Scout Tower
09:09 Scout Tower
09:10 Scout Tower
09:10 Scout Tower
09:11 Scout Tower
09:12 Scout Tower
09:12 Scout Tower
09:19 Farm
10:06 Guard Tower
10:07 Guard Tower
10:07 Guard Tower
10:08 Guard Tower
10:08 Guard Tower
10:11 Scout Tower
10:18 Guard Tower
11:10 Guard Tower
11:13 Scout Tower
11:13 Scout Tower
11:14 Scout Tower
11:17 Scout Tower
11:45 Town Hall
12:47 Gryphon Aviary
12:50 Scout Tower
12:50 Scout Tower
12:51 Scout Tower
12:52 Scout Tower
12:54 Scout Tower
12:54 Scout Tower
12:54 Scout Tower
12:58 Guard Tower
13:00 Guard Tower
13:03 Scout Tower
13:03 Scout Tower
13:04 Scout Tower
13:05 Scout Tower
13:08 Scout Tower
13:08 Scout Tower
13:11 Scout Tower
13:12 Scout Tower
13:13 Scout Tower
13:16 Scout Tower
13:16 Scout Tower
13:17 Scout Tower
13:40 Guard Tower
13:42 Guard Tower
15:25 Guard Tower
15:35 Guard Tower
15:42 Farm
15:44 Farm
16:04 Guard Tower
16:06 Scout Tower
16:08 Scout Tower
16:08 Scout Tower
16:16 Guard Tower
17:00 Guard Tower
17:04 Farm
17:44 Blacksmith
17:46 Barracks
18:55 Scout Tower
18:56 Scout Tower
18:57 Scout Tower
18:57 Scout Tower
18:58 Scout Tower
18:58 Scout Tower
18:59 Scout Tower
19:01 Guard Tower
19:19 Guard Tower
19:24 Arcane Sanctum
19:56 Guard Tower
20:01 Guard Tower
20:55 Town Hall
20:57 Scout Tower
20:58 Scout Tower
20:58 Scout Tower
21:00 Scout Tower
21:00 Scout Tower
21:01 Scout Tower
21:01 Scout Tower
21:03 Guard Tower
21:33 Guard Tower
21:36 Scout Tower
21:37 Scout Tower
21:38 Scout Tower
21:39 Scout Tower
21:40 Scout Tower
21:40 Scout Tower
21:41 Scout Tower
22:22 Scout Tower
22:23 Scout Tower
22:23 Scout Tower
24:13 Guard Tower
28:33 Town Hall
28:41 Scout Tower
28:42 Scout Tower
28:42 Scout Tower
29:29 Arcane Tower
29:53 Scout Tower
29:53 Scout Tower
29:54 Scout Tower
29:55 Scout Tower
29:56 Scout Tower
30:23 Guard Tower
30:32 Arcane Tower
30:33 Arcane Tower
31:22 Guard Tower
32:03 Guard Tower
32:04 Scout Tower
32:05 Scout Tower
32:05 Scout Tower
32:06 Scout Tower
33:11 Guard Tower
33:38 Guard Tower
34:10 Gryphon Aviary
34:23 Guard Tower
34:42 Farm
34:42 Farm
34:43 Farm
35:33 Farm
35:34 Farm
37:14 Gryphon Aviary
37:17 Gryphon Aviary
37:54 Farm
37:55 Farm
38:20 Farm
38:21 Farm
38:47 Farm
65:18 Farm
65:19 Farm
65:41 Arcane Vault
65:47 Arcane Vault
66:32 Farm
66:59 Farm
67:17 Farm
68:52 Farm
68:57 Farm
69:16 Farm
69:41 Farm
69:58 Farm
76:15 Altar of Kings
76:48 Farm
» items
| Healing Salve | 5 | |
| Staff of Sanctuary | 3 | |
| Lesser Clarity Potion | 2 | |
| Scroll of Town Portal | 6 | |
| Boots of Speed | 1 | |
| Orb of Lightning | 1 | |
| Staff of Teleportation | 1 | |
19 total
bLinn (
purple | 60 APM | 5813 actions | 97:19)
9 Blademaster
3 Wind Walk
3 Critical Strike
1 Bladestorm
2 Mirror Image
» actions
| Assign group hotkey | 330 | |
| Basic commands | 37 | |
| Build / train | 108 | |
| Enter build submenu | 140 | |
| Enter hero's abilities submenu | 9 | |
| Give item / drop item | 19 | |
| Remove unit from queue | 3 | |
| Right click | 2863 | |
| Select / deselect | 899 | |
| Select group hotkey | 807 | |
| Use ability | 597 | |
5813 total
» units
| Peon | 21 | |
| Troll Batrider | 20 | |
| Goblin Zeppelin | 1 | |
42 total
» upgrades
| Spiked Barricades | 2 | |
| Reinforced Defenses | 1 | |
| Liquid Fire | 1 | |
| Ranged Weapons | 3 | |
| Armor | 2 | |
9 total
» buildings
| Altar of Storms | 3 | |
| Orc Burrow | 6 | |
| War Mill | 2 | |
| Watch Tower | 115 | |
| Voodoo Lounge | 2 | |
| Stronghold | 2 | |
| Great Hall | 1 | |
| Fortress | 4 | |
| Beastiary | 5 | |
140 total
» build order
00:03 Altar of Storms
00:17 Orc Burrow
00:35 War Mill
01:41 Orc Burrow
01:57 Watch Tower
02:35 Watch Tower
03:05 Watch Tower
03:17 Voodoo Lounge
04:09 Watch Tower
04:52 Stronghold
04:52 Stronghold
05:04 Watch Tower
05:21 Watch Tower
05:52 Watch Tower
06:06 Watch Tower
06:08 Watch Tower
06:29 Watch Tower
06:35 Watch Tower
07:06 Great Hall
07:10 Watch Tower
07:21 Watch Tower
07:37 Watch Tower
08:12 Watch Tower
08:13 Watch Tower
08:25 Watch Tower
08:26 Watch Tower
08:49 Watch Tower
09:15 Fortress
09:16 Fortress
09:16 Fortress
09:16 Fortress
09:33 Watch Tower
09:37 Watch Tower
09:38 Watch Tower
10:01 Watch Tower
10:06 Watch Tower
11:14 Beastiary
11:14 Beastiary
11:22 Watch Tower
11:23 Watch Tower
11:27 Watch Tower
11:53 Orc Burrow
12:53 Watch Tower
12:53 Watch Tower
12:54 Watch Tower
13:50 Voodoo Lounge
13:58 Watch Tower
14:52 Watch Tower
16:10 Watch Tower
16:21 Watch Tower
16:27 Watch Tower
16:28 Watch Tower
16:29 Watch Tower
16:32 Watch Tower
18:02 Watch Tower
18:03 Watch Tower
18:04 Watch Tower
19:24 Watch Tower
21:32 Watch Tower
23:21 Watch Tower
24:29 Watch Tower
24:33 Watch Tower
24:47 Watch Tower
24:48 Watch Tower
24:50 Watch Tower
24:51 Watch Tower
24:53 Watch Tower
25:33 Watch Tower
25:34 Watch Tower
27:47 Watch Tower
28:02 Watch Tower
28:03 Watch Tower
28:04 Watch Tower
28:05 Watch Tower
28:07 Watch Tower
28:11 Watch Tower
28:12 Watch Tower
28:13 Watch Tower
28:14 Watch Tower
28:15 Watch Tower
28:51 Beastiary
29:00 Beastiary
29:02 Beastiary
30:25 Altar of Storms
30:28 Orc Burrow
31:32 Orc Burrow
38:04 War Mill
40:18 Watch Tower
40:19 Watch Tower
41:14 Watch Tower
41:23 Watch Tower
41:39 Watch Tower
42:13 Watch Tower
42:27 Watch Tower
42:29 Watch Tower
42:32 Watch Tower
43:28 Watch Tower
43:57 Watch Tower
44:45 Watch Tower
45:18 Watch Tower
45:22 Watch Tower
45:23 Watch Tower
45:24 Watch Tower
45:25 Watch Tower
45:30 Watch Tower
48:32 Watch Tower
50:37 Watch Tower
50:39 Watch Tower
50:47 Watch Tower
51:42 Watch Tower
51:44 Watch Tower
51:58 Watch Tower
52:43 Watch Tower
52:45 Watch Tower
52:46 Watch Tower
53:23 Watch Tower
53:24 Watch Tower
53:29 Watch Tower
54:30 Watch Tower
54:33 Watch Tower
67:04 Watch Tower
68:08 Watch Tower
72:12 Watch Tower
72:15 Watch Tower
72:17 Watch Tower
72:18 Watch Tower
73:37 Watch Tower
74:13 Watch Tower
74:16 Watch Tower
74:26 Watch Tower
74:38 Watch Tower
76:45 Watch Tower
76:52 Watch Tower
88:34 Watch Tower
88:36 Watch Tower
89:37 Watch Tower
89:42 Watch Tower
89:47 Watch Tower
92:51 Orc Burrow
92:55 Altar of Storms
» items
| Boots of Speed | 1 | |
| Staff of Teleportation | 1 | |
| Lesser Clarity Potion | 9 | |
| Healing Salve | 4 | |
| Scroll of Speed | 1 | |
| Claws of Attack +6 | 1 | |
| Orb of Lightning | 1 | |
| Scroll of Town Portal | 4 | |
| Potion of Healing | 2 | |
| Claws of Attack +12 | 1 | |
| Helm of Valor | 1 | |
26 total
dirtmcwordup (
green | 63 APM | 6132 actions | 97:17)
6 Priestess of the Moon
3 Trueshot Aura
2 Scout
1 Starfall
6 Dark Ranger
2 Life Drain
3 Silence
1 Charm
» actions
| Assign group hotkey | 13 | |
| Basic commands | 130 | |
| Build / train | 89 | |
| ESC pressed | 4 | |
| Enter build submenu | 22 | |
| Enter hero's abilities submenu | 14 | |
| Give item / drop item | 9 | |
| Right click | 3148 | |
| Select / deselect | 501 | |
| Select group hotkey | 1897 | |
| Use ability | 305 | |
6132 total
» units
| Wisp | 19 | |
| Faerie Dragon | 25 | |
| Goblin Zeppelin | 1 | |
45 total
» upgrades
| Nature's Blessing | 1 | |
| Druid of the Talon Training | 1 | |
| Well Spring | 1 | |
| Ultravision | 1 | |
| Strength of the Wild | 3 | |
| Reinforced Hides | 3 | |
10 total
» buildings
| Altar of Elders | 3 | |
| Moon Well | 12 | |
| Tree of Ages | 1 | |
| Tree of Life | 2 | |
| Ancient of Wind | 1 | |
| Ancient of Wonders | 1 | |
| Tree of Eternity | 1 | |
| Hunter's Hall | 1 | |
| Ancient Protector | 1 | |
23 total
» build order
00:09 Altar of Elders
00:17 Moon Well
02:06 Moon Well
03:27 Tree of Ages
04:06 Tree of Life
04:21 Moon Well
06:01 Moon Well
07:26 Ancient of Wind
07:28 Ancient of Wonders
08:37 Tree of Eternity
08:45 Moon Well
09:57 Hunter's Hall
14:01 Ancient Protector
17:46 Moon Well
17:47 Moon Well
30:28 Moon Well
35:48 Tree of Life
37:49 Moon Well
38:42 Moon Well
39:47 Moon Well
39:55 Altar of Elders
40:01 Moon Well
41:41 Altar of Elders
» items
| Staff of Teleportation | 2 | |
| Boots of Speed | 2 | |
| Scroll of Town Portal | 2 | |
| Orb of Venom | 2 | |
| Helm of Valor | 1 | |
| Staff of Preservation | 1 | |
| Potion of Healing | 2 | |
| Healing Salve | 1 | |
| Pendant of Mana | 1 | |
| Claws of Attack +9 | 1 | |
| Hood of Cunning | 1 | |
16 total
Chat log
(00:03 / All) dirtmcwordup: bewbs
(00:10 / All) bLinn: Boo Booking, Ltd.
(00:22 / All) BOOBOOKING: all of a sudden i have fans
(00:23 / All) dirtmcwordup: what kind of books do u do
(00:31 / All) bLinn: no it's bookings he's a bookie
(00:34 / All) dirtmcwordup: scarey ones? ? ?
(00:35 / All) LoKiMetAboLiC: lol you go to blinn?
(00:41 / All) bLinn: ya
(00:42 / All) bLinn: u?
(00:49 / All) LoKiMetAboLiC: ATM
(00:59 / Allies) dirtmcwordup: tell him you are jhohn math
(01:00 / All) bLinn: serious? what u takin?
(01:02 / Allies) BEAR_AND: hahahhah someone who knows of Blinn University
(01:02 / Allies) dirtmcwordup: eson
(01:08 / All) LoKiMetAboLiC: was a bims major
(01:12 / All) LoKiMetAboLiC: but was like fuck tht
(01:14 / Allies) dirtmcwordup: makea me a tower
(01:16 / All) bLinn: ya bro know what you mean
(01:18 / Allies) BEAR_AND: eya
(01:23 / All) LoKiMetAboLiC: now im history much easier
(01:41 / All) dirtmcwordup: the only jobs you can get as a history major are archaeologist ad history teacher @ high school
(01:53 / All) dirtmcwordup: hope you enjoy going to prison for having sex with a 16 year old
(01:59 / All) BOOBOOKING: np
(02:03 / All) LoKiMetAboLiC: sounds good to me
(02:06 / All) BEAR_AND: >?>>??????????
(02:26 / All) LoKiMetAboLiC: and wrong you can into the law branches
(02:28 / All) bLinn: i'm an english major so don't exacerbate the situation lol
(02:34 / All) dirtmcwordup: lol
(02:43 / All) BOOBOOKING: i fucking hate my english teacher
(02:52 / All) BEAR_AND: thankx
(03:04 / All) LoKiMetAboLiC: lol i hate college english it was like taking a 4th history class
(03:47 / Allies) dirtmcwordup: oops
(03:49 / Allies) bLinn: hmm
(03:51 / Allies) bLinn: a noob? i think so
(03:54 / Allies) dirtmcwordup: almost got that ghoul
(03:55 / Allies) dirtmcwordup: maybe
(03:56 / Allies) dirtmcwordup: just
(03:57 / Allies) dirtmcwordup: maybe
(03:59 / Allies) BEAR_AND: and 2 wolfs
(04:00 / Allies) dirtmcwordup: if you were on vent
(04:01 / Allies) BEAR_AND: mega jack
(04:44 / Allies) bLinn: trading Gs for Ls
(05:11 / Allies) bLinn: guy maybe going gargs
(08:56 / Allies) bLinn: any Gs
(08:57 / Allies) bLinn: pleze
(09:12 / Allies) bLinn: i must request a number of Gs (that is gold)
(10:33 / Allies) dirtmcwordup: jerk
(10:33 / Allies) dirtmcwordup: them
(10:34 / Allies) dirtmcwordup: off
(10:41 / Allies) bLinn: fuck
(10:45 / Allies) dirtmcwordup: worst blade
(10:46 / Allies) dirtmcwordup: ever
(10:58 / Allies) dirtmcwordup: stop backstabbing please blinn
(11:00 / Allies) bLinn: shut up
(11:09 / Allies) bLinn: you pinged the wrong fucking place anyway
(11:50 / Allies) bLinn: maybe give me some gold jesus christ how many times
(11:51 / Allies) bLinn: must i ask
(12:33 / Allies) dirtmcwordup: got cap am helm
(13:39 / Allies) BEAR_AND: another shoppe somewhere else please blinnn
(13:43 / Allies) bLinn: ok
(18:16 / Allies) bLinn: gonna bat orange
(18:21 / Allies) bLinn: soon as my bm is back
(20:06 / Allies) bLinn: go UD is oud
(20:07 / Allies) bLinn: out
(20:30 / Allies) bLinn: chaase
(20:40 / Allies) BEAR_AND: need boot
(20:42 / Allies) BEAR_AND: brb
(20:44 / Allies) bLinn: ok
(21:43 / Allies) bLinn: i need lvl 3
(21:46 / Allies) BEAR_AND: wood
(21:47 / Allies) bLinn: leave for me
(21:52 / Allies) BEAR_AND: k
(22:40 / Allies) bLinn: extr aboots
(22:42 / Allies) bLinn: anyone need?
(22:45 / Allies) BEAR_AND: ytes
(22:46 / Allies) BEAR_AND: where
(22:49 / Allies) bLinn: on my blade
(22:57 / Allies) dirtmcwordup: bear and
(23:04 / Allies) dirtmcwordup: why do you creep everybody elses creeps first
(23:07 / Allies) dirtmcwordup: and not creep yours
(23:13 / Allies) dirtmcwordup: are you purposely denying us exp
(23:18 / Allies) BEAR_AND: no
(23:29 / Allies) dirtmcwordup: now they crept
(24:17 / Allies) bLinn: ahaha
(24:24 / Allies) bLinn: please help he's killed
(24:27 / Allies) bLinn: like 20 towers in 3 seconds
(24:30 / Allies) dirtmcwordup: brt
(24:42 / Allies) dirtmcwordup: nm big bear got it
(24:52 / Allies) dirtmcwordup: got cap am helm for blade
(24:56 / Allies) bLinn: have 1
(24:59 / Allies) bLinn: second would be nice :)
(25:02 / Allies) dirtmcwordup: have anotha
(25:20 / Allies) bLinn: hitting orange again I guess
(25:27 / Allies) bLinn: argh jeez
(27:10 / Allies) dirtmcwordup: gotta tab out brb
(27:20 / Allies) dirtmcwordup: lagging
(27:24 / Allies) bLinn: bolt
(27:24 / Allies) bLinn: bolt
(27:30 / Allies) BEAR_AND: not there
(27:37 / Allies) bLinn: ooh
(27:55 / Allies) bLinn: need lum plz
(28:00 / Allies) bLinn: crazily
(28:12 / Allies) dirtmcwordup: why dont you repair them
(28:17 / Allies) bLinn: cos that does nothing
(28:19 / Allies) bLinn: and burning fire
(28:21 / Allies) bLinn: and had no lum
(28:26 / Allies) bLinn: and . . .
(28:32 / Allies) dirtmcwordup: ask before all your towers are at 10% please
(29:14 / Allies) dirtmcwordup: no wonder you have no wood
(29:18 / Allies) dirtmcwordup: you have like 2 wood guys
(29:20 / Allies) bLinn: yeah
(29:21 / Allies) bLinn: lots died
(29:25 / Allies) bLinn: while reparing towers
(29:26 / Allies) bLinn: LOL
(30:21 / Allies) bLinn: fuck
(31:08 / All) 13223rds: from weast?
(31:17 / All) BEAR_AND: u have a weast in fection
(31:20 / Allies) bLinn: undead are so gay
(31:25 / Allies) bLinn: seriuzly
(31:31 / All) BEAR_AND: y
(31:33 / Allies) BEAR_AND: yeap
(31:45 / Allies) bLinn: hope my guy makes it out in time
(32:23 / Allies) bLinn: why not
(32:25 / Allies) bLinn: perchance
(33:28 / Allies) bLinn: shotgun not building towers
(33:41 / Allies) bLinn: can i have da cap am
(33:49 / Allies) bLinn: thanks
(34:00 / Allies) dirtmcwordup: get zep blinn
(34:01 / Allies) dirtmcwordup: please
(34:04 / Allies) dirtmcwordup: quick
(35:05 / Allies) bLinn: grab shit
(35:06 / Allies) bLinn: bring it up
(35:57 / Allies) bLinn: dang they stopped mining
(36:38 / All) 13223rds: wus fun
(36:51 / All) BOOBOOKING: thx for doing stupid things to lose
(36:56 / All) dirtmcwordup: huh
(37:44 / Allies) bLinn: do we have los hawkos
(37:54 / Allies) bLinn: interestos
(38:00 / Allies) dirtmcwordup: blinn make war mill
(38:02 / All) 13223rds: leav?
(38:04 / Allies) dirtmcwordup: we need forty towers
(38:08 / All) dirtmcwordup: i got 25k
(38:12 / Allies) bLinn: forty towers and forty nights
(38:13 / All) 13223rds: Waaaaaat
(39:05 / Allies) dirtmcwordup: leaving some trees so they cant zep drop
(39:06 / Allies) bLinn: may i have a holy light
(39:07 / Allies) bLinn: thanks sir
(40:08 / Allies) dirtmcwordup: make towers
(40:29 / Allies) dirtmcwordup: kill worker
(40:30 / Allies) dirtmcwordup: please
(40:40 / Allies) dirtmcwordup: gotta kill worker or they get cloud
(40:41 / Allies) bLinn: why
(40:43 / Allies) dirtmcwordup: get down there blinn
(40:49 / Allies) bLinn: ok i'll try
(40:57 / All) BOOBOOKING: time to spam lvl 2 far sight
(41:08 / Allies) dirtmcwordup: please make towers
(41:10 / Allies) dirtmcwordup: please
(41:10 / Allies) bLinn: done
(41:42 / Allies) bLinn: wondering when bear will start
(41:46 / Allies) BEAR_AND: no mill
(41:51 / Allies) dirtmcwordup: id rather have forty towers
(41:53 / Allies) BEAR_AND: & wyrms = make orc
(42:00 / Allies) dirtmcwordup: yes
(42:05 / Allies) bLinn: i thoughti shotgunned
(42:05 / Allies) dirtmcwordup: wyrm = orc chim = hu
(42:14 / Allies) BEAR_AND: hahah
(42:16 / Allies) bLinn: fuck
(42:17 / Allies) dirtmcwordup: ok we make human towers aka the ones that take extra damage
(42:19 / All) 13223rds: ROFL
(42:19 / Allies) dirtmcwordup: got revealed
(42:20 / All) BOOBOOKING: found it
(42:20 / All) LoKiMetAboLiC: KILOL WOW
(42:23 / All) LoKiMetAboLiC: OMG
(42:37 / All) 13223rds: amazing
(42:40 / All) 13223rds: lol
(42:44 / Allies) dirtmcwordup: do you have zep hotkeyed
(42:46 / Allies) bLinn: comuing
(42:46 / Allies) bLinn: yes
(42:53 / Allies) dirtmcwordup: where is it
(43:30 / Allies) dirtmcwordup: biggest noob i ever did see
(43:34 / Allies) bLinn: whome
(43:36 / Allies) BEAR_AND: thought he tpd
(43:38 / Allies) dirtmcwordup: bear and
(43:57 / Allies) dirtmcwordup: if i get charm this game is in teh bag.
(44:02 / Allies) bLinn: ind33d
(44:09 / Allies) bLinn: where your bitch
(44:26 / Allies) bLinn: will bat
(44:27 / Allies) bLinn: anything that flies
(44:37 / Allies) dirtmcwordup: dang
(44:39 / Allies) dirtmcwordup: my dr popped out
(44:44 / Allies) dirtmcwordup: 5 sec after level 8 fs dies
(44:47 / Allies) bLinn: heh sucks
(44:48 / Allies) bLinn: sucks . .
(45:35 / Allies) bLinn: shuold i tower this
(45:36 / Allies) bLinn: even try?
(45:39 / Allies) dirtmcwordup: no
(45:40 / Allies) bLinn: it's hittable by siege
(45:54 / Allies) bLinn: what
(45:55 / Allies) bLinn: are you pinging
(46:03 / Allies) dirtmcwordup: maybe if you were on vent you would know
(46:07 / Allies) bLinn: dont care
(46:12 / Allies) dirtmcwordup: ok
(46:14 / Allies) BEAR_AND: calm,
(46:32 / Allies) dirtmcwordup: dunt lose ur blade..
(46:57 / All) BEAR_AND: that's not how u possess lol
(47:14 / Allies) bLinn: takin it
(47:42 / Allies) dirtmcwordup: shade
(47:47 / Allies) bLinn: find itttt
(48:42 / Allies) dirtmcwordup: care ful
(48:44 / Allies) bLinn: what do you want me to do
(48:45 / Allies) bLinn: O K
(48:50 / Allies) bLinn: i will bladestorm orc expo ?
(48:58 / Allies) dirtmcwordup: hm ok
(49:00 / Allies) BEAR_AND: might be better
(49:05 / Allies) dirtmcwordup: are
(49:05 / Allies) dirtmcwordup: you
(49:07 / Allies) dirtmcwordup: retarded
(49:09 / Allies) dirtmcwordup: you cant run from a bat
(49:11 / Allies) dirtmcwordup: god damn
(49:25 / Allies) dirtmcwordup: op: snag and bag
(49:26 / Allies) bLinn: well they're gone now ok
(49:27 / Allies) dirtmcwordup: watch this
(49:54 / Allies) dirtmcwordup: gtof
(50:03 / Allies) dirtmcwordup: tp
(50:04 / Allies) dirtmcwordup: tp
(50:04 / Allies) dirtmcwordup: tp
(50:04 / Allies) dirtmcwordup: tp
(50:11 / Allies) bLinn: O K
(50:15 / Allies) BEAR_AND: ud aura
(50:16 / Allies) BEAR_AND: stinks
(50:18 / Allies) bLinn: that was my one free pass OK
(50:30 / Allies) BEAR_AND: you want whole valley empty?
(51:11 / Allies) bLinn: fukkin fiendz
(51:14 / Allies) bLinn: will be mad garg coming too
(51:41 / All) 13223rds: U guys r fucktop
(51:43 / All) 13223rds: nmo joke
(51:48 / All) BEAR_AND: ghaghahhahhaha quit noob
(51:50 / Allies) bLinn: that's a quote
(52:00 / Allies) BEAR_AND: fucktop
(52:10 / All) BOOBOOKING: why should we quit if ur the noob for massing towers cause u cant play the real game
(52:15 / All) BEAR_AND: ghahhahahahhahahah 1v1?
(52:16 / All) bLinn: this is the real game
(52:16 / Allies) dirtmcwordup: 8 wyrm
(52:17 / Allies) dirtmcwordup: that is
(52:19 / All) bLinn: what you've been playing till now
(52:21 / All) bLinn: has been a lie
(52:23 / Allies) dirtmcwordup: 56 food
(53:28 / Allies) dirtmcwordup: dont go down with blade
(53:31 / Allies) bLinn: i won't
(53:34 / Allies) dirtmcwordup: guy is spamming far sight level 3
(53:36 / Allies) dirtmcwordup: everywhere
(53:39 / Allies) dirtmcwordup: and also shades
(53:41 / Allies) bLinn: level pee
(53:51 / All) BOOBOOKING: how many minutes till it reveals u
(53:56 / All) dirtmcwordup: 45
(54:09 / Allies) BEAR_AND: what is infitine alt code
(54:16 / Allies) dirtmcwordup: ?
(54:20 / Allies) BEAR_AND: infinity
(54:22 / Allies) BEAR_AND: sideways 8
(54:26 / Allies) dirtmcwordup: o idea
(54:27 / Allies) dirtmcwordup: n
(54:33 / Allies) dirtmcwordup: yop blinn
(54:37 / Allies) dirtmcwordup: dont build in valley too much
(54:39 / Allies) bLinn: that's all
(54:41 / Allies) bLinn: i'm doing
(54:44 / Allies) dirtmcwordup: htats cleared so i can run around and silence
(55:07 / All) dirtmcwordup: lmao
(55:08 / Allies) bLinn: faere drags are pretty sweet for this
(55:09 / All) dirtmcwordup: i lost one
(55:10 / Allies) bLinn: bats get fucked up
(55:10 / All) BEAR_AND: hahahhahahhahah
(55:31 / Allies) dirtmcwordup: also immune to wyrm
(56:13 / Allies) bLinn: no chance i could go down & grab another cap am
(58:25 / Allies) BEAR_AND: careful....
(58:51 / Allies) bLinn: hmm should i trade +12 claws for spell shield?
(58:54 / Allies) BEAR_AND: nah
(59:23 / Allies) bLinn: i can storm as they hit
(59:26 / Allies) bLinn: to divert their attention
(59:30 / Allies) bLinn: or go up . .
(59:33 / Allies) BEAR_AND: ok
(59:33 / Allies) BEAR_AND: no
(59:35 / Allies) BEAR_AND: stay down
(59:35 / Allies) dirtmcwordup: storm this
(59:39 / Allies) bLinn: say when
(59:42 / Allies) dirtmcwordup: then staff up maybe
(59:45 / Allies) dirtmcwordup: now
(59:45 / Allies) dirtmcwordup: go
(59:46 / Allies) BEAR_AND: listen for "under attack"
(59:46 / Allies) dirtmcwordup: storm
(60:05 / Allies) bLinn: holy
(60:13 / Allies) bLinn: dk just rounded the corner
(60:14 / Allies) dirtmcwordup: bat a bat please
(60:17 / Allies) bLinn: one bat
(60:22 / Allies) dirtmcwordup: wait for them
(60:24 / Allies) dirtmcwordup: to group up
(60:25 / Allies) dirtmcwordup: then
(60:41 / Allies) dirtmcwordup: 16 bat
(61:12 / Allies) bLinn: 1 bat. .. . ratatat tat
(61:30 / Allies) BEAR_AND: tension so thick.....u could fuck it.
(61:44 / Allies) bLinn: mutually assured destruction
(61:49 / Allies) bLinn: the cold war
(61:50 / Allies) dirtmcwordup: this is what it like 2 be german on d day
(61:53 / Allies) bLinn: here it goes
(61:54 / Allies) bLinn: here it goes
(62:00 / Allies) dirtmcwordup: haroogle
(62:04 / Allies) bLinn: are they zep dropping?
(62:08 / Allies) bLinn: if not woot
(62:15 / Allies) dirtmcwordup: where is zep
(62:19 / Allies) BEAR_AND: nowhere
(62:20 / Allies) dirtmcwordup: if there is zep i kill it with dragon
(62:25 / Allies) bLinn: cool
(62:26 / Allies) BEAR_AND: they going
(62:27 / Allies) bLinn: here
(62:27 / Allies) bLinn: we
(62:29 / Allies) bLinn: go
(63:04 / Allies) bLinn: we got this
(63:07 / Allies) bLinn: i can feel it
(63:19 / Allies) bLinn: freaking faerie dragons
(63:20 / Allies) bLinn: amazing
(63:20 / All) BEAR_AND: gl, hf
(63:30 / Allies) bLinn: hmm maybe put your orb
(63:31 / Allies) bLinn: onto MK
(63:41 / Allies) dirtmcwordup: my orba so good
(63:47 / Allies) bLinn: well MK can't attack air
(63:49 / Allies) bLinn: at the min
(63:51 / Allies) bLinn: put the potm orb
(64:10 / Allies) BEAR_AND: where to put farms for hawk
(64:17 / Allies) BEAR_AND: caus i can def rebuild w/ a shoppe somewhere
(64:17 / Allies) bLinn: aheh
(66:02 / Allies) BEAR_AND: sorry
(66:02 / Allies) BEAR_AND: sorry
(66:03 / Allies) BEAR_AND: sorry
(66:07 / Allies) bLinn: what
(66:08 / Allies) bLinn: did you do
(66:13 / Allies) BEAR_AND: cancel staff
(66:15 / Allies) bLinn: how
(66:23 / Allies) bLinn: inc
(66:25 / Allies) BEAR_AND: i moved your blade out of the way of a building at the exact same time
(66:29 / Allies) BEAR_AND: as your staff
(66:43 / Allies) dirtmcwordup: rebuild towers down here
(66:45 / Allies) dirtmcwordup: we got tons of gold
(66:48 / Allies) dirtmcwordup: dont be afraid to spend
(66:48 / Allies) bLinn: didn't lose any but ok
(66:50 / Allies) dirtmcwordup: i got 12k gold
(66:55 / Allies) dirtmcwordup: clear all trees
(66:57 / Allies) dirtmcwordup: fill it up
(67:30 / Allies) dirtmcwordup: "move your princess" - beqr and
(67:40 / Allies) BEAR_AND: priencess of the moon
(67:45 / Allies) bLinn: resummon your thing - blinn
(68:28 / Allies) dirtmcwordup: i like how tol heals over time
(68:28 / Allies) bLinn: im doing it then
(68:34 / Allies) BEAR_AND: ?
(68:44 / Allies) bLinn: aren't you glad
(68:54 / Allies) bLinn: they clearing for a drop
(69:00 / Allies) bLinn: be ready to sink all that siege at all costz
(69:17 / Allies) bLinn: picking upo stuff
(69:19 / Allies) bLinn: gogogo
(69:21 / Allies) bLinn: fiends
(69:25 / Allies) bLinn: fiends in there
(69:38 / Allies) bLinn: damn
(69:40 / Allies) bLinn: mad tough luck
(69:41 / All) 13223rds: surprise
(69:45 / Allies) dirtmcwordup: thanks for letting me know.
(69:48 / Allies) bLinn: i said
(69:50 / Allies) bLinn: fiends in there
(69:54 / Allies) bLinn: like you chose to kill it
(69:56 / Allies) dirtmcwordup: oops
(69:58 / Allies) bLinn: over ground
(70:05 / Allies) dirtmcwordup: we need archm maybe
(70:21 / Allies) BEAR_AND: 6 hawk now
(70:34 / Allies) bLinn: sieg
(70:35 / Allies) bLinn: dorpp
(70:36 / Allies) bLinn: ing
(70:44 / Allies) bLinn: achasehtgh
(70:50 / Allies) bLinn: you chased them off
(71:24 / All) 13223rds: u shud had warden for tis..
(71:25 / Allies) bLinn: if you can kill that red zep
(71:29 / Allies) bLinn: it has CRAZY siege in
(71:37 / Allies) BEAR_AND: bat
(71:37 / Allies) dirtmcwordup: bats
(71:41 / Allies) bLinn: yes i know but i'm jst saying
(72:22 / All) dirtmcwordup: laugh
(72:24 / Allies) bLinn: check now
(72:24 / All) BEAR_AND: lost 0 hahahhah
(72:24 / Allies) bLinn: check
(72:36 / Allies) bLinn: fly around
(72:39 / Allies) bLinn: and take
(72:49 / Allies) bLinn: nice
(72:50 / Allies) bLinn: v nice
(73:01 / Allies) bLinn: worth it you got like 4 siege
(73:03 / Allies) dirtmcwordup: are you srs
(73:08 / Allies) dirtmcwordup: web is so gay
(73:10 / Allies) bLinn: but yeah bullshit web
(73:34 / Allies) dirtmcwordup: if i can get charm
(74:06 / Allies) bLinn: obv
(75:32 / Allies) bLinn: anylum
(75:45 / Allies) dirtmcwordup: i aint mining any more so careufl
(75:48 / Allies) bLinn: ok
(75:51 / Allies) bLinn: got 420 gonna stick at that
(75:54 / Allies) bLinn: right bros :)
(76:08 / Allies) bLinn: what you sayin i dont
(76:23 / All) BOOBOOKING: laugh
(76:33 / Allies) bLinn: how far can they hit
(78:39 / Allies) bLinn: be on guard
(78:47 / Allies) bLinn: fuck they gonna chip away everythang
(78:55 / Allies) bLinn: get
(78:56 / Allies) bLinn: the fiends
(78:59 / Allies) dirtmcwordup: archm almsot out
(79:08 / Allies) bLinn: hmm damn i don't know
(79:25 / Allies) dirtmcwordup: i need charm and we good
(79:32 / Allies) bLinn: dunno how you expect to get it
(80:07 / Allies) bLinn: oh jeez
(80:18 / All) BEAR_AND: hahhahahahha
(80:22 / Allies) bLinn: hm
(80:25 / All) BOOBOOKING: stfu ur gonna lose not me
(80:30 / Allies) bLinn: should i go down
(80:31 / Allies) bLinn: and finish him?
(80:35 / Allies) BEAR_AND: sure
(81:27 / Allies) bLinn: nothing on the ground . . .
(81:28 / Allies) bLinn: damn
(81:41 / All) BOOBOOKING: eat it bitch
(81:42 / All) 13223rds: WOA
(81:48 / Allies) bLinn: what happened
(81:50 / All) BOOBOOKING: lost his AM
(81:51 / All) BOOBOOKING: GOOD
(82:29 / Allies) dirtmcwordup: make towers where altar is
(82:40 / All) BOOBOOKING: LOL
(82:41 / Allies) dirtmcwordup: kill his zep
(82:54 / Allies) bLinn: mad xp
(82:56 / Allies) bLinn: mad xp
(82:57 / All) BOOBOOKING: GET MAIN
(83:34 / Allies) bLinn: holy shit
(83:36 / All) dirtmcwordup: thak god
(83:40 / All) dirtmcwordup: thought id never get sfall
(83:40 / All) dirtmcwordup: gg
(83:53 / Allies) bLinn: one xp from charm basically
(83:57 / Allies) BEAR_AND: get mk up
(83:59 / Allies) BEAR_AND: i don't have zep
(83:59 / All) BOOBOOKING: ye good thing u got it after all ur towers are dead on one side
(84:16 / Allies) dirtmcwordup: fuck
(84:17 / Allies) dirtmcwordup: got no wisp
(84:19 / Allies) dirtmcwordup: no building
(84:22 / Allies) dirtmcwordup: if dr dies
(84:27 / Allies) dirtmcwordup: i need invuln pot
(84:29 / Allies) dirtmcwordup: or hp items
(84:31 / Allies) dirtmcwordup: please give
(84:37 / Allies) bLinn: can't get out or do anything
(84:44 / Allies) bLinn: get more hawks bear?
(85:05 / Allies) bLinn: no bagging?
(85:09 / All) BOOBOOKING: ty blizz
(85:16 / Allies) dirtmcwordup: he doesnt want charm i guess
(85:23 / Allies) dirtmcwordup: why would he shitty ksill
(85:26 / Allies) bLinn: apprently
(85:39 / Allies) dirtmcwordup: give me your cap am helms please
(85:52 / Allies) dirtmcwordup: ty
(86:06 / All) BEAR_AND: thanks
(86:11 / Allies) dirtmcwordup: 2 exp
(86:13 / Allies) bLinn: haha
(86:14 / Allies) bLinn: crazy
(86:21 / All) dirtmcwordup: one more please
(86:32 / Allies) bLinn: aww
(86:34 / Allies) dirtmcwordup: gay
(86:34 / Allies) dirtmcwordup: as
(86:35 / Allies) dirtmcwordup: shit
(86:36 / All) BOOBOOKING: wasting
(86:37 / All) BOOBOOKING: sf
(86:38 / All) BOOBOOKING: i c
(86:38 / Allies) bLinn: shoulda gone down there
(86:40 / All) BOOBOOKING: ur smart
(86:45 / All) BOOBOOKING: she used starfall
(86:46 / All) BOOBOOKING: gg
(86:48 / All) BOOBOOKING: moron
(86:54 / Allies) dirtmcwordup: ps dont ever touch moon wells
(86:55 / Allies) dirtmcwordup: leave for dr
(87:00 / Allies) BEAR_AND: duh
(87:18 / Allies) bLinn: baats on their way
(87:19 / All) dirtmcwordup: just opne more guy please
(87:21 / All) dirtmcwordup: i beg of thee
(87:32 / Allies) dirtmcwordup: make more tower
(87:39 / All) dirtmcwordup: THANKS so much
(87:43 / Allies) dirtmcwordup: halfway to sfall
(87:49 / Allies) dirtmcwordup: make more tower please
(88:43 / Allies) dirtmcwordup: siege can hit around there careufl
(88:48 / Allies) bLinn: where do you want
(88:49 / Allies) bLinn: me to put
(88:49 / Allies) dirtmcwordup: a;,pst gpt sfa;;
(88:52 / Allies) dirtmcwordup: almost got sfall
(88:52 / Allies) dirtmcwordup: idk
(88:57 / Allies) dirtmcwordup: 7/8
(89:25 / Allies) bLinn: where are you planning on starfalling from
(89:37 / Allies) dirtmcwordup: right hurr
(90:02 / Allies) BEAR_AND: u got it
(90:19 / All) dirtmcwordup: thanks charm
(90:20 / Allies) bLinn: game?
(90:25 / Allies) bLinn: heal
(90:26 / Allies) bLinn: light
(90:39 / Allies) bLinn: no pala dango
(90:59 / Allies) bLinn: so
(91:00 / Allies) bLinn: + charm
(91:02 / Allies) bLinn: - starfall
(91:06 / Allies) dirtmcwordup: send blade
(91:08 / Allies) bLinn: take this
(91:09 / Allies) dirtmcwordup: and gimme wood
(91:11 / Allies) dirtmcwordup: i tavern res
(91:16 / All) LoKiMetAboLiC: OMFG
(91:26 / Allies) BEAR_AND: ....
(91:40 / Allies) bLinn: uhm
(91:45 / Allies) dirtmcwordup: why didnt you wind walk
(91:47 / Allies) bLinn: i did
(91:48 / Allies) bLinn: i was trying
(91:50 / Allies) dirtmcwordup: you waited until like 40%
(91:55 / Allies) bLinn: i was trying
(91:56 / Allies) bLinn: it wouldn't
(92:03 / Allies) bLinn: propagate
(92:09 / Allies) bLinn: i can res
(92:11 / Allies) bLinn: if i have room
(92:20 / Allies) BEAR_AND: valley
(92:21 / Allies) dirtmcwordup: wait
(92:28 / Allies) dirtmcwordup: starfall is better
(92:31 / Allies) dirtmcwordup: i might need wood
(92:35 / Allies) bLinn: we can have both
(92:38 / Allies) bLinn: i have 700 wood
(92:38 / Allies) dirtmcwordup: are you
(92:39 / Allies) dirtmcwordup: fucking
(92:40 / Allies) dirtmcwordup: serious
(95:01 / Allies) bLinn: keep them offa meee
(95:07 / Allies) BEAR_AND: will try
(95:12 / Allies) bLinn: 2/3
(95:22 / Allies) dirtmcwordup: zep drop there
(95:26 / Allies) bLinn: ok will do
(95:35 / Allies) BEAR_AND: grab some mana from a well first imo
(95:38 / Allies) dirtmcwordup: while you're down there get another zep maybe
(95:40 / Allies) bLinn: yes
(95:42 / Allies) BEAR_AND: def.
(95:43 / Allies) bLinn: will get invuln
(95:49 / Allies) bLinn: isntead of tp
(95:50 / Allies) bLinn: cos tp is worthless
(96:35 / All) BOOBOOKING: gg niggers
(96:56 / Allies) bLinn: damn
(97:08 / Allies) dirtmcwordup: blaming this loss entirely on yuo two
(97:11 / Allies) bLinn: not surprised
(97:12 / Allies) bLinn: at all
(97:15 / Allies) BEAR_AND: status quo